 Dungeon Sprint DCSS version 0.26-a0-966-gd078a86f14 (webtiles) character file.

Game seed: 11596027404000067605

16676 mhtbhm the Phalangite (level 12, -9/117 HPs)
             Began as a Merfolk Berserker on Dec 3, 2020.
             Was the Champion of Trog.
             Mangled by a reaper
             ... wielding a +5 scythe
              (30 damage)
             ... in the Dungeon (Sprint V: "Ziggurat Sprint").
             The game lasted 00:08:00 (1928 turns).

mhtbhm the Phalangite (Merfolk Berserker)           Turns: 1928, Time: 00:08:01

Health: -9/117     AC: 29    Str: 29    XL:     12   Next: 40%
Magic:  0/13       EV: 10    Int:  9    God:    Trog [******]
Gold:   0          SH:  0    Dex: 13    Spells: 11/11 levels left

rFire    + + +     SeeInvis .   a - +13 lance "Wyrmbane" {slay drac, rPois rF+ rC+ AC+3}
rCold    + + +     Faith    .   (no shield)
rNeg     . . .     Spirit   +   b - +9 scales of the Dragon King {rPois rF+ rC+ MR+}
rPois    +         Reflect  .   (no helmet)
rElec    +         Harm     .   (no cloak)
rCorr    .         Rampage  .   (no gloves)
MR       ++...     NoTele   +   (no boots)
Stlth    ..........             y - amulet "Iqud" {Spirit MR+ Slay+6}
HPRegen  0.29/turn              n - +6 ring of strength
MPRegen  0.13/turn              f - ring of Unnoc {rElec rF+ rC+ Int+3}

@: lethally poisoned (-9 -> -11), studying 3 skills
A: change form in water, swift swim, stealthy swim
a: Berserk, Trog's Hand, Brothers in Arms, Renounce Religion


You were in the Dungeon.
You worshipped Trog.
Trog was exalted by your worship.
You visited 1 branch

Inventory:

Hand Weapons
 a - the +13 lance "Wyrmbane" (weapon) {slay drac, rPois rF+ rC+ AC+3}
   (You found it in the Dungeon)

   It affects your AC (+3).
   It protects you from fire.
   It protects you from cold.
   It protects you from poison.
Armour
 b - the +9 scales of the Dragon King (worn) {rPois rF+ rC+ MR+}
   (You found it in the Dungeon)

   It protects you from fire.
   It protects you from cold.
   It protects you from poison.
   It affects your resistance to hostile enchantments.
Jewellery
 f - the ring of Unnoc (right hand) {rElec rF+ rC+ Int+3}
   (You found it in the Dungeon)

   [ring of protection from fire]

   It affects your intelligence (+3).
   It protects you from fire.
   It protects you from cold.
   It insulates you from electricity.
 n - a +6 ring of strength (left hand)
 u - an uncursed ring of positive energy
 x - the ring "Veggism" {Fire rPois SInv}
   (You found it in the Dungeon)

   [ring of fire]

   It enhances your fire magic.
   It protects you from fire.
   It makes you vulnerable to cold.
   It protects you from poison.
   It lets you see invisible.
 y - the amulet "Iqud" (around neck) {Spirit MR+ Slay+6}
   (You found it in the Dungeon)

   [amulet of guardian spirit]

   It causes incoming damage to be split between your health and magic.
   It affects your accuracy and damage with ranged weapons and melee attacks
   (+6).
   It affects your resistance to hostile enchantments.
 C - an uncursed ring of fire
 D - a +4 ring of evasion
 E - an uncursed amulet of regeneration
Wands
 p - a wand of disintegration (7)
 q - a wand of iceblast (4)
 r - a wand of acid (6)
Scrolls
 h - 3 scrolls of blinking
 i - 7 scrolls of fog
 j - a scroll of holy word
 k - 5 scrolls of identify
 l - 5 scrolls of remove curse
 m - 2 scrolls of fear
Potions
 c - 4 potions of curing
 d - 4 potions of heal wounds
 e - 5 potions of haste
 g - 3 potions of berserk rage
 s - 2 potions of invisibility
 t - 4 potions of resistance
 v - 5 potions of might
Books
 z - a manual of Staves
 A - a manual of Axes
 B - a manual of Polearms
Miscellaneous
 o - a tin of tremorstones (inert)
 w - a condenser vane (inert)


   Skills:
 + Level 18.6 Fighting
 + Level 25.2 Polearms
 + Level 10.9 Armour
 + Level 8.7 Dodging
 + Level 1.9 Stealth
 + Level 1.8 Summonings
 + Level 1.2 Necromancy
 + Level 1.2 Translocations
 + Level 2.2 Transmutations
 + Level 1.1 Fire Magic
 - Level 1.7 Ice Magic
 + Level 1.2 Air Magic
 + Level 1.2 Earth Magic
 + Level 1.9 Poison Magic
 + Level 1.7 Invocations
 + Level 7.2 Evocations


You had 11 spell levels left.
You didn't know any spells.
Your spell library contained the following spells:

 Spells                   Type           Power        Failure   Level
 Beastly Appendage        Tmut           #.....       99%         1
 Foxfire                  Conj/Fire      #...         100%        1
 Sandblast                Erth           #.....       100%        1
 Corpse Rot               Necr/Air       N/A          100%        2
 Ensorcelled Hibernation  Hex/Ice        #.....       100%        2
 Passwall                 Tmut/Erth      #.......     100%        2
 Poisonous Vapours        Pois/Air       #.....       100%        2
 Swiftness                Air            #.......     100%        2
 Wereblood                Tmut           #.......     100%        2
 Gell's Gravitas          Tloc           #.........   100%        3
 Lesser Beckoning         Tloc           #.........   100%        3
 Mephitic Cloud           Conj/Pois/Air  #.......     100%        3
 Spider Form              Tmut/Pois      #.........   100%        3
 Stone Arrow              Conj/Erth      #.....       100%        3
 Teleport Other           Tloc           #.......     100%        3
 Airstrike                Air            #.........   100%        4
 Animate Dead             Necr           #.........   100%        4
 Cause Fear               Hex            #.........   100%        4
 Ice Form                 Ice/Tmut       #.......     100%        4
 Petrify                  Tmut/Erth      #.......     100%        4
 Summon Lightning Spire   Summ/Air       #.......     100%        4
 Blade Hands              Tmut           #.........   100%        5
 Borgnjor's Vile Clutch   Necr/Erth      #.........   100%        5
 Lee's Rapid Deconstruct  Erth           #.........   100%        5
 Death Channel            Necr           #.........   100%        6
 Simulacrum               Ice/Necr       #.........   100%        6
 Dragon Form              Tmut           #.........   100%        7
 Dragon's Call            Summ           #.........   100%        9
 Tornado                  Air            #.........   100%        9


Dungeon Overview and Level Annotations

Branches:
Dungeon (1/1)

Altars:
Ashenzari
Cheibriados
Dithmenos
Elyvilon
Fedhas
Gozag
Hepliaklqana
Kikubaaqudgha
Makhleb
Nemelex Xobeh
Okawaru
Qazlal
Ru
Sif Muna
Trog
Uskayaw
Vehumet
Wu Jian
Xom
Yredelemnul
Zin
The Shining One
Beogh
Jiyva
Lugonu


Message History

Unknown command.
Unknown command.
Evoke which item? (* to show all) (? for menu, Esc to quit)
Aiming: Iceblast
Press: ? - help, Shift-Dir - straight line, f/p - reaper
Aim: a reaper, wielding a +4 scythe of flaming (thunder, severely wounded)
The mass of ice explodes!
The iceblast engulfs the reaper!
The reaper partially resists.
The reaper is almost dead.
The iceblast engulfs the reaper.
The reaper partially resists.
The reaper is severely wounded.
The iceblast engulfs the reaper!
The reaper partially resists.
The reaper is heavily wounded.
The reaper hits you from afar with a +5 scythe of venom!
The reaper hits you from afar with a +4 scythe of flaming!!
* * * LOW HITPOINT WARNING * * *
The reaper burns you.
* * * LOW HITPOINT WARNING * * *
The reaper hits you from afar with a +5 scythe!!
You die...

▓...8©8...▓.
▓..:.5|}:.▓..)))....▓.
▓.§§§§§§§.▓..)|)))..▓.
▓.§§§§§§§.▓...)))...▓.
▓..§§§§§..▓.........▓.
▓..§§§§...▓..).)....▓.
▓..§222...▓..).)....▓.
▓..▓...▓..▓...).....▓.
▓....@....▓.▓.....▓.▓(
▓....©....▓....©....▓▓
▓▓▓▓▓▓▓▓▓▓▓▓▓▓▓▓▓▓▓▓▓


You could see 3 reapers and an iron imp.

Vanquished Creatures
  2 black draconians (D)
  A yellow draconian (D)
  2 red draconians (D)
  3 dancing weapons (D)
  2 deep elf archers (D)
  An ugly thing (D)
  A deep elf mage (D)
  A cyclops (D)
  A rust devil (D)
  3 guardian mummies (D)
  A jumping spider (D)
  6 merfolk (D)
  3 wind drakes (D)
  A slime creature (D)
  A flying skull (D)
  A wraith (D)
  A shadow (D)
  2 golden eyes (D)
  An acid dragon (shapeshifter) (D)
  3 hell hounds (D)
  An eye of draining (D)
  5 centaurs (D)
  3 scorpions (D)
  A crimson imp (D)
  3 jellies (D)
  3 iron imps (D)
  A mummy (D)
  A white imp (D)
  An ooze (D)
  2 adder zombies (D)
  2 bat skeletons (D)
  3 bat zombies (D)
  A jackal skeleton (D)
  A leopard gecko skeleton (D)
  A quokka skeleton (D)
66 creatures vanquished.

Vanquished Creatures (collateral kills)
  2 green draconians (D)
  2 yellow draconians (D)
4 creatures vanquished.

Vanquished Creatures (others)
  A draconian stormcaller (D)
1 creature vanquished.

Grand Total: 71 creatures vanquished

Notes
Turn   | Place    | Note
-------+----------+-------------------------------------------
     0 | D        | mhtbhm the Merfolk Berserker began the quest for the Orb.
     0 | D        | Reached XP level 1. HP: 18/18 MP: 1/1
     2 | D        | Found a blossoming altar of Fedhas.
     3 | D        | Found the +6 Majin-Bo {vamp, MP+6 Int+6}
     3 | D        | Found the +9 heavy crossbow "Sniper" {vorpal, Acc+∞ SInv}
     3 | D        | Found the +10 dark maul {vorpal}
     3 | D        | Found the +15 Maxwell's patent armour {-Cast -Tele rElec
                  | MR+ rCorr}
     3 | D        | Found the +18 shield of the Gong {rElec rN+ MR+ EV-5}
     3 | D        | Found the cursed +14 obsidian axe {vorpal, +Fly SInv
                  | *Curse}
     3 | D        | Found the +7 great mace "Firestarter" {inner flame, rF++}
     3 | D        | Found the +6 shillelagh "Devastator" {shatter}
     3 | D        | Found the +11 plutonium sword {*Contam Stlth-}
     3 | D        | Found the +8 lance "Wyrmbane" {slay drac, rPois rF+ rC+
                  | AC+3}
     3 | D        | Found the +9 sword of Zonguldrok {reap}
     3 | D        | Found the cursed +13 scythe of Curses {drain, *Curse}
     3 | D        | Found the +0 sword of Power
     3 | D        | Found the +7 mace of Variability {chain chaos}
     3 | D        | Found the +7 Singing Sword {vorpal, sonic wave}
     3 | D        | Found the +8 storm bow {elec, penet}
    21 | D        | Found a transporter.
    21 | D        | Found a viscous altar of Jiyva.
    21 | D        | Found an ancient bone altar of Kikubaaqudgha.
    21 | D        | Found a hazy altar of Hepliaklqana.
    21 | D        | Found a corrupted altar of Lugonu.
    21 | D        | Found an opulent altar of Gozag.
    21 | D        | Found a burning altar of Makhleb.
    23 | D        | Found a sacrificial altar of Ru.
    23 | D        | Found a stormy altar of Qazlal.
    23 | D        | Found a shimmering blue altar of Sif Muna.
    23 | D        | Found an iron altar of Okawaru.
    23 | D        | Found a bloodstained altar of Trog.
    23 | D        | Found a sparkling altar of Nemelex Xobeh.
    67 | D        | Reached skill level 5 in Polearms
    67 | D        | Reached skill level 1 in Stealth
    67 | D        | Reached skill level 1 in Summonings
    67 | D        | Reached skill level 1 in Necromancy
    67 | D        | Reached skill level 1 in Translocations
    67 | D        | Reached skill level 1 in Fire Magic
    67 | D        | Reached skill level 1 in Ice Magic
    67 | D        | Reached skill level 1 in Air Magic
    67 | D        | Reached skill level 1 in Earth Magic
    67 | D        | Reached skill level 1 in Poison Magic
    67 | D        | Reached skill level 1 in Invocations
    67 | D        | Reached skill level 1 in Evocations
    67 | D        | Reached XP level 2. HP: 25/25 MP: 1/3
   100 | D        | Entered arena 2.
   100 | D        | Noticed a brown ugly thing
   100 | D        | Noticed a wolf
   100 | D        | Found a transporter.
   102 | D        | Noticed an acid dragon
   102 | D        | a wolf changed into an acid dragon
   109 | D        | Killed an acid dragon
   109 | D        | Reached * piety under Trog
   110 | D        | Reached skill level 9 in Polearms
   110 | D        | Reached XP level 3. HP: 28/35 MP: 4/4
   110 | D        | Reached XP level 4. HP: 33/41 MP: 5/5
   110 | D        | Reached XP level 5. HP: 38/47 MP: 6/6
   119 | D        | Killed a brown ugly thing
   120 | D        | Reached skill level 10 in Fighting
   120 | D        | Reached skill level 13 in Polearms
   120 | D        | Reached skill level 5 in Dodging
   120 | D        | Reached XP level 6. HP: 53/60 MP: 7/7
   120 | D        | Reached XP level 7. HP: 58/66 MP: 8/8
   240 | D        | Entered arena 3.
   240 | D        | Noticed a golden eye
   240 | D        | Noticed a golden eye
   240 | D        | Found a transporter.
   275 | D        | Killed a golden eye
   276 | D        | Reached skill level 14 in Polearms
   289 | D        | Killed a golden eye
   289 | D        | Reached ** piety under Trog
   333 | D        | Got the ring of Unnoc {rElec rF+ rC+ Int+3}
   339 | D        | Entered arena 4.
   339 | D        | Found a transporter.
   341 | D        | Reached XP level 8. HP: 75/75 MP: 9/9
   348 | D        | Reached *** piety under Trog
   363 | D        | Entered arena 5.
   363 | D        | Noticed a jumping spider
   363 | D        | Found a transporter.
   379 | D        | Reached skill level 15 in Polearms
   383 | D        | Killed a jumping spider
   390 | D        | Reached **** piety under Trog
   400 | D        | Entered arena 6.
   400 | D        | Noticed a slime creature
   400 | D        | Found a transporter.
   409 | D        | Killed a slime creature
   410 | D        | Reached skill level 16 in Polearms
   498 | D        | Entered arena 7.
   498 | D        | Noticed a cyclops
   498 | D        | Noticed a merfolk
   498 | D        | Noticed a merfolk
   498 | D        | Noticed a merfolk
   498 | D        | Noticed a merfolk
   498 | D        | Noticed a wind drake
   502 | D        | Killed a wind drake
   502 | D        | Reached ***** piety under Trog
   502 | D        | Killed a merfolk
   503 | D        | Reached skill level 17 in Polearms
   503 | D        | Reached XP level 9. HP: 85/85 MP: 10/10
   505 | D        | Killed a merfolk
   506 | D        | Reached skill level 5 in Armour
   507 | D        | Killed a cyclops
   508 | D        | Reached skill level 18 in Polearms
   509 | D        | Killed a merfolk
   511 | D        | Killed a merfolk
   515 | D        | Found a transporter.
   578 | D        | Entered arena 8.
   578 | D        | Noticed a deep elf archer
   578 | D        | Noticed a +1 scimitar of flaming
   578 | D        | Noticed a +2 war axe of freezing
   578 | D        | Noticed a deep elf archer
   578 | D        | Noticed a +1 hand axe of venom
   578 | D        | Noticed a deep elf mage
   579 | D        | Found a transporter.
   582 | D        | Killed a deep elf mage
   583 | D        | Reached XP level 10. HP: 42/95 MP: 11/11
   583 | D        | Killed a +1 hand axe of venom
   583 | D        | Reached ****** piety under Trog
   584 | D        | Reached skill level 15 in Fighting
   584 | D        | Reached skill level 19 in Polearms
   587 | D        | Killed a deep elf archer
   587 | D        | Received a gift from Trog
   590 | D        | Killed a deep elf archer
   591 | D        | Reached skill level 20 in Polearms
   593 | D        | Killed a +1 scimitar of flaming
   605 | D        | Killed a +2 war axe of freezing
   958 | D        | Got the ring "Veggism" {Fire rPois SInv}
   969 | D        | Entered arena 9.
   970 | D        | Received a gift from Trog
   972 | D        | Reached skill level 21 in Polearms
   972 | D        | Reached XP level 11. HP: 54/105 MP: 12/12
   972 | D        | Found a transporter.
  1160 | D        | Got the amulet "Iqud" {Spirit MR+ Slay+6}
  1210 | D        | Entered arena 10.
  1212 | D        | Received a gift from Trog
  1435 | D        | Found a transporter.
  1445 | D        | Got the Catalogue of Ice and Flight
  1449 | D        | Got the ring "Ywonez" {*Slow rN+ Int+4 SInv}
  1459 | D        | Entered arena 11.
  1460 | D        | Found the +9 scales of the Dragon King {rPois rF+ rC+ MR+}
  1460 | D        | Found a transporter.
  1466 | D        | Received a gift from Trog
  1481 | D        | Received a gift from Trog
  1561 | D        | Entered arena 12.
  1561 | D        | Noticed a red draconian
  1561 | D        | Noticed a black draconian
  1561 | D        | Noticed a yellow draconian stormcaller
  1561 | D        | Noticed a green draconian
  1561 | D        | Noticed a red draconian
  1561 | D        | Noticed a black draconian
  1561 | D        | Noticed a yellow draconian
  1562 | D        | Noticed a green draconian
  1562 | D        | Noticed a yellow draconian
  1562 | D        | Noticed a yellow draconian
  1563 | D        | Found a transporter.
  1570 | D        | Killed a red draconian
  1571 | D        | Reached skill level 22 in Polearms
  1571 | D        | Reached skill level 5 in Evocations
  1577 | D        | Killed a red draconian
  1579 | D        | Killed a black draconian
  1580 | D        | Reached skill level 23 in Polearms
  1585 | D        | Killed a black draconian
  1595 | D        | HP: 5/108 [acid (10)]
  1599 | D        | Killed a yellow draconian stormcaller
  1600 | D        | Reached skill level 24 in Polearms
  1600 | D        | Reached XP level 12. HP: 37/116 MP: 2/13
  1602 | D        | Killed a yellow draconian
  1602 | D        | HP: 5/116 [yellow draconian/+0 vorpal long sword (1)]
  1603 | D        | Killed a green draconian
  1603 | D        | Received a gift from Trog
  1604 | D        | Reached skill level 10 in Armour
  1604 | D        | Killed a yellow draconian
  1606 | D        | Killed a green draconian
  1608 | D        | Killed a yellow draconian
  1609 | D        | Reached skill level 25 in Polearms
  1883 | D        | Got the Compendium of Flying Translocation
  1915 | D        | Entered arena 13.
  1915 | D        | Noticed a reaper
  1915 | D        | Noticed a reaper
  1916 | D        | Noticed a reaper
  1921 | D        | Received a gift from Trog
  1928 | D        | Mangled by a reaper

Illustrated notes

Levels and vault maps discovered:
D:        sprint_v [room_start, room_1, room_2, room_3, room_4, room_5, room_6,
          room_7, room_8, room_9, room_10, room_11, room_12, room_13, room_14,
          room_15, room_16, room_17, room_18, room_19, room_20, room_21,
          room_22, room_23, room_24, room_25, room_26, room_27]

Skill      XL: |  1  2  3  4  5  6  7  8  9 10 11 12 |
---------------+-------------------------------------+-----
Fighting       | 4 6 10 11 13 14 16 18 | 18.6
Polearms       | 5 9 13 14 17 18 21 24 25 | 25.2
Stealth        | 1 |  1.9
Summonings     | 1 |  1.8
Necromancy     | 1 |  1.2
Translocations | 1 |  1.2
Transmutations | 2 |  2.2
Fire Magic     | 1 |  1.1
Ice Magic      | 1 |  1.7
Air Magic      | 1 |  1.2
Earth Magic    | 1 |  1.2
Poison Magic   | 1 |  1.9
Invocations    | 1 |  1.7
Evocations     | 1 2 3 6 7 |  7.2
Armour         | 2 3 4 5 7 9 10 | 10.9
Dodging        | 3 5 7 8 |  8.7

Action                   |  1- 3 |  4- 6 |  7- 9 | 10-12 || total
-------------------------+-------+-------+-------+-------++-------
Melee: Lance             |     9 |     9 |    78 |    90 ||   186
Invok: Berserk           |       |     1 |       |     2 ||     3
       Brothers in Arms  |       |       |       |     2 ||     2
Evoke: Tin of tremorston |       |       |     4 |     5 ||     9
       Condenser vane    |       |       |     2 |     2 ||     4
       Wand              |       |       |       |     4 ||     4
  Use: Potion            |     1 |       |     3 |    10 ||    14
       Scroll            |       |       |       |     1 ||     1
Armor: Gold dragon scale |     8 |     3 |    45 |    73 ||   129
Dodge: Dodged            |     2 |       |    28 |    41 ||    71

Table legend: (Time is in decaauts)
 A = Elapsed time spent in this place.
 B = Non-inter-level travel time spent in this place.
 C = Inter-level travel time spent in this place.
 D = Time resting spent in this place.
 E = Time spent auto-exploring this place.
 F = Levels seen in this place.
 G = Mean time per level.
                   A        B        C        D        E       F      G
               +--------+--------+--------+--------+--------+-----+--------+
         Total |   1844 |   1844 |      0 |   1349 |      0 |   1 | 1844.0 |
       Dungeon |   1844 |   1844 |      0 |   1349 |      0 |   1 | 1844.0 |
               +--------+--------+--------+--------+--------+-----+--------+

Top non-repeatable levels by time:
       D: 1844 daAuts
